[Event "ICC tourney 1900 (45 10)"]
[Site "Internet Chess Club"]
[Date "2020.07.04"]
[Round "1"]
[White "Tombstone"]
[Black "dogetk"]
[Result "1-0"]
[ICCResult "Black resigns"]
[WhiteElo "1483"]
[BlackElo "1317"]
[Opening "QGD Slav: 3.Nf3"]
[ECO "D11"]
[NIC "SL.01"]
[Time "11:08:07"]
[TimeControl "2700+10"]

1. d4 c6 2. c4 d5 3. Nf3 Nf6 4. g3 Bf5 5. Nc3 e6 6. Nh4 Bg6 7. Qb3 Qb6 8.
Nxg6 hxg6 9. c5 Qc7 10. Bf4 Qc8 11. Bg2 Nbd7 12. O-O b6 13. cxb6 axb6 14.
Rac1 c5 15. Nb5 c4 16. Qc2 Rxa2 17. Ra1 Ra5 18. Nc7+ Kd8 19. Rxa5 bxa5 20.
Qa4 Nh5 21. Qxa5 Nxf4 22. Nxe6+ Ke8 23. Nxf4 Nf6 24. Nxd5 Nxd5 25. Qxd5 Rh5
26. Qe4+ Be7 27. Ra1 {Black resigns} 1-0

[Event "ICC tourney 1900 (45 10)"]
[Site "Internet Chess Club"]
[Date "2020.07.04"]
[Round "1"]
[White "Almanac2050"]
[Black "evg1234567"]
[Result "1-0"]
[ICCResult "Black checkmated"]
[WhiteElo "1640"]
[BlackElo "1617"]
[Opening "Sicilian: dragon, Yugoslav attack, 9...Bd7"]
[ECO "B77"]
[NIC "SI.18"]
[Time "11:07:28"]
[TimeControl "2700+10"]

1. e4 c5 2. Nf3 d6 3. d4 cxd4 4. Nxd4 Nf6 5. Nc3 g6 6. f3 Bg7 7. Be3 O-O 8.
Qd2 Nc6 9. Bc4 Bd7 10. Bb3 Rc8 11. O-O-O Nxd4 12. Bxd4 b5 13. Nd5 Nxd5 14.
Bxg7 Kxg7 15. exd5 a5 16. a3 Rc5 17. h4 h5 18. g4 hxg4 19. h5 Qb6 20. hxg6
fxg6 21. Qh6+ Kf7 22. Rde1 Qd8 23. fxg4 Bxg4 24. Rhf1+ Bf5 25. Rxf5+ gxf5
26. Qh5+ Kf6 27. Re6+ Kg7 28. Qg5+ Kh8 29. Rh6# {Black checkmated} 1-0

[Event "ICC tourney 1900 (45 10)"]
[Site "Internet Chess Club"]
[Date "2020.07.04"]
[Round "1"]
[White "flybamboo"]
[Black "DanielA1926"]
[Result "1/2-1/2"]
[ICCResult "Game drawn by repetition"]
[WhiteElo "1304"]
[BlackElo "1214"]
[Opening "Modern defense"]
[ECO "A40"]
[NIC "QO.17"]
[Time "11:07:20"]
[TimeControl "2700+10"]

1. d4 g6 2. c4 Bg7 3. Nc3 b6 4. e4 Bb7 5. Nf3 d6 6. Be2 Nf6 7. Qc2 O-O 8.
O-O Re8 9. Rd1 c5 10. Be3 Qc7 11. Nb5 Qc8 12. d5 a6 13. Nc3 Qc7 14. Bf4 Nh5
15. Bg3 Nxg3 16. hxg3 Nd7 17. Rac1 Ne5 18. Nxe5 Bxe5 19. Bg4 Bc8 20. Bxc8
Qxc8 21. Ne2 Bg7 22. a3 b5 23. b3 Qb7 24. Rb1 b4 25. a4 a5 26. Qd3 Rad8 27.
Nf4 Be5 28. Qf3 Bxf4 29. gxf4 e5 30. fxe5 Rxe5 31. Qf6 Qe7 32. Qxe7 Rxe7 33.
Re1 Rde8 34. f3 f5 35. Rb2 fxe4 36. Rbe2 e3 37. g3 h5 38. f4 Kf7 39. Kg2 Kf6
40. Kf3 Kf5 41. Rg1 Re4 42. g4+ hxg4+ 43. Rxg4 Rd4 44. Rg5+ Kf6 45. Rxe3
Rxf4+ 46. Kxf4 Rxe3 47. Rxg6+ Kxg6 48. Kxe3 Kf5 49. Kf3 Kg5 50. Kg3 Kf5 51.
Kf3 Ke5 52. Ke3 Kf5 53. Kf3 Kg5 54. Ke4 Kg4 55. Ke3 Kg3 56. Ke4 Kg4 57. Ke3
Kf5 58. Kf3 Ke5 59. Ke3 Kf5 60. Kf3 Kg5 61. Ke4 Kg4 62. Ke3
{Game drawn by repetition}
1/2-1/2

[Event "ICC tourney 1900 (45 10)"]
[Site "Internet Chess Club"]
[Date "2020.07.04"]
[Round "1"]
[White "NSXchessplayer"]
[Black "cloak1"]
[Result "0-1"]
[ICCResult "White resigns"]
[WhiteElo "1327"]
[BlackElo "1572"]
[Opening "Sicilian defense"]
[ECO "B20"]
[NIC "SI.48"]
[Time "11:07:36"]
[TimeControl "2700+10"]

1. e4 c5 2. d3 Nc6 3. g3 g6 4. Bg2 Bg7 5. Ne2 d6 6. c3 h5 7. h3 Nh6 8. f4 e5
9. Be3 b6 10. Nd2 Bd7 11. Qc2 O-O 12. O-O Rc8 13. Nf3 f6 14. Qd2 Nf7 15. Nh4
Ne7 16. Rf2 Rc7 17. Raf1 Qc8 18. Kh2 Kh7 19. c4 Rh8 20. Nf3 Kg8 21. b3 a6
22. a4 Be6 23. Nc3 h4 24. Nxh4 exf4 25. Bxf4 g5 26. Bxd6 Nxd6 27. Nf5 Ndxf5
28. exf5 Bxf5 29. Ne4 Bxh3 30. Nxf6+ Bxf6 31. Rxf6 Bxg2+ 32. Kxg2 Qh3+ 33.
Kf2 Qh2+ 34. Ke1 Qxd2+ 35. Kxd2 Rh2+ 36. Ke3 Nc8 37. Rg6+ Rg7 38. Rc6 Re7+
39. Kf3 Rf7+ 40. Kg4 Rxf1 41. Rxc8+ Kg7 42. Kxg5 Rhf2 43. Rc7+ Rf7 44. Rc6
R1f6 45. Rc8 Rg6+ 46. Kh4 Rd7 47. g4 Rd4 48. Rc7+ Kh6 49. Rc8 Rdxg4+ 50. Kh3
Rg3+ 51. Kh2 Rxd3 52. Rh8+ Kg7 53. Ra8 a5 54. Ra7+ Kh6 55. Ra8 Rxb3 56. Rh8+
Kg5 57. Rd8 Rb4 58. Rd5+ Kf4 {White resigns} 0-1

[Event "ICC tourney 1900 (45 10)"]
[Site "Internet Chess Club"]
[Date "2020.07.04"]
[Round "1"]
[White "boredbanker"]
[Black "Frankiechess11"]
[Result "1-0"]
[ICCResult "Black resigns"]
[WhiteElo "1483"]
[BlackElo "1317"]
[Opening "Queen's pawn, Mason variation"]
[ECO "D00"]
[NIC "QP.08"]
[Time "11:13:28"]
[TimeControl "2700+10"]

1. d4 d5 2. Bf4 Nf6 3. e3 e6 4. Bd3 c5 5. c3 Nc6 6. Nd2 Be7 7. Ngf3 O-O 8.
Ne5 cxd4 9. exd4 Re8 10. O-O Bd6 11. Qf3 Qc7 12. Rfe1 h6 13. Qh3 Nd7 14.
Ndf3 Ndxe5 15. dxe5 Bf8 16. g4 f6 17. Qh5 Bd7 18. Bxh6 gxh6 19. Qg6+ Bg7 20.
exf6 Bc8 21. Qxe8+ Bf8 22. Qg6+ Kh8 23. f7 {Black resigns} 1-0

[Event "ICC tourney 1900 (45 10)"]
[Site "Internet Chess Club"]
[Date "2020.07.04"]
[Round "1"]
[White "StevChess01"]
[Black "imranchamp"]
[Result "1/2-1/2"]
[ICCResult "Game drawn by mutual agreement"]
[WhiteElo "1441"]
[BlackElo "1540"]
[Opening "Benk? gambit half accepted"]
[ECO "A57"]
[NIC "BI.45"]
[Time "11:07:34"]
[TimeControl "2700+10"]

1. d4 Nf6 2. c4 c5 3. d5 b5 4. cxb5 a6 5. f3 g6 6. e4 d6 7. a4 Bg7 8. Na3
Nbd7 9. Ne2 O-O 10. Nc3 Ne8 11. Be2 Nc7 12. O-O axb5 13. Naxb5 Nb6 14. Nxc7
Qxc7 15. Bb5 Bd7 16. Bd2 Bxb5 17. Nxb5 Qd7 18. Qb3 Rfb8 19. Bc3 Nxa4 20.
Rxa4 Rxa4 21. Qxa4 Qxb5 22. Qxb5 Rxb5 23. Rc1 f5 24. Kf2 Bxc3 25. bxc3 Kf7
26. Rc2 Kf6 27. Ke3 g5 28. g3 e6 29. dxe6 Kxe6 30. exf5+ Kxf5 31. c4 Rb3+
32. Ke2 Ke5 33. Kf2 h5 34. Re2+ Kf5 35. Rd2 {Game drawn by mutual agreement}
1/2-1/2

[Event "ICC tourney 1900 (45 10)"]
[Site "Internet Chess Club"]
[Date "2020.07.04"]
[Round "1"]
[White "ASilverRook"]
[Black "brilliantnessme"]
[Result "0-1"]
[ICCResult "White resigns"]
[WhiteElo "1317"]
[BlackElo "1483"]
[Opening "English opening"]
[ECO "A13"]
[NIC "EO.64"]
[Time "11:07:28"]
[TimeControl "2700+10"]

1. c4 e6 2. g3 Nf6 3. Bg2 d5 4. cxd5 exd5 5. d4 c6 6. Nc3 h6 7. Bf4 Bf5 8.
Nf3 Nbd7 9. O-O Be7 10. Be5 Nxe5 11. Nxe5 O-O 12. f3 c5 13. e4 cxd4 14. Qxd4
dxe4 15. Qxd8 Rfxd8 16. fxe4 Be6 17. Rad1 Bc5+ 18. Kh1 Bd4 19. Nd3 Bxc3 20.
bxc3 Bc4 21. Rf3 Nxe4 22. Nb2 Rxd1+ 23. Nxd1 Rd8 24. Nb2 b5 25. Nxc4 bxc4
26. h3 Rd1+ 27. Kh2 Rd2 28. Rf4 Nd6 29. Kg1 g5 30. Rf2 Rd3 31. Rf3 Nb5 32.
Rxd3 cxd3 33. Kf1 Nxc3 34. Ke1 Nxa2 35. Kd2 Nb4 36. Bf3 Kg7 37. g4 Kf6 38.
Bd1 Ke5 39. Bb3 f6 40. Bf7 Kf4 41. Bh5 Kg3 42. Kc3 a5 43. Kd2 Kxh3 44. Kc3
a4 45. Be8 a3 46. Kb3 d2 {White resigns} 0-1

[Event "ICC tourney 1900 (45 10)"]
[Site "Internet Chess Club"]
[Date "2020.07.04"]
[Round "1"]
[White "Superowen"]
[Black "chessfirelord"]
[Result "0-1"]
[ICCResult "White checkmated"]
[WhiteElo "1259"]
[BlackElo "1302"]
[Opening "Sicilian: accelerated fianchetto, Mar?czy bind, 6.Be3"]
[ECO "B38"]
[NIC "SI.33"]
[Time "11:07:47"]
[TimeControl "2700+10"]

1. e4 c5 2. Nf3 Nc6 3. d4 cxd4 4. Nxd4 g6 5. c4 Bg7 6. Be3 Nf6 7. Nc3 d6 8.
Be2 O-O 9. O-O Bd7 10. f3 Nxd4 11. Bxd4 Bc6 12. b4 b6 13. a4 a5 14. b5 Bb7
15. Qd2 Nd7 16. Nd5 Nc5 17. Bxg7 Kxg7 18. Rad1 Nxa4 19. Qd4+ e5 20. Qd2 Bxd5
21. cxd5 Rc8 22. Rc1 Nc5 23. Qb2 Qf6 24. Rc4 Qf4 25. g3 Qe3+ 26. Kg2 Nb3 27.
Rc6 Nd4 28. Rxc8 Rxc8 29. Bd1 Rc1 30. Qf2 Qxf2+ 31. Kxf2 Nxb5 32. Ke2 Nc3+
33. Kd2 Rxd1+ 34. Rxd1 Nxd1 35. Kxd1 f5 36. Kc2 Kf6 37. Kb3 b5 38. Ka3 Kg5
39. Kb3 fxe4 40. fxe4 Kg4 41. Kc3 Kf3 42. Kd3 a4 43. Kd2 Kxe4 44. Ke2 b4 45.
Kd2 Kd4 46. Kc2 e4 47. Kb2 e3 48. Kc2 a3 49. Kb3 e2 50. h4 e1=Q 51. h5 Qd1+
52. Kxb4 Qb1+ 53. Ka4 Kc4 54. Ka5 Qb5# {White checkmated} 0-1

[Event "ICC tourney 1900 (45 10)"]
[Site "Internet Chess Club"]
[Date "2020.07.04"]
[Round "1"]
[White "dendy"]
[Black "vikram251107"]
[Result "0-1"]
[ICCResult "White resigns"]
[WhiteElo "1314"]
[BlackElo "1496"]
[Opening "QGD Slav: 3.Nf3"]
[ECO "D11"]
[NIC "QP.11"]
[Time "11:07:29"]
[TimeControl "2700+10"]

1. Nf3 c6 2. d4 d5 3. c4 Nf6 4. Bf4 e6 5. Nc3 Bd6 6. Ne5 O-O 7. f3 c5 8. e4
cxd4 9. Nb5 Bb4+ 10. Kf2 dxe4 11. Qa4 e3+ 12. Kg1 Nd5 13. cxd5 Bc5 14. Nd3
Bb6 15. Bd6 Re8 16. Bc7 Bxc7 17. Nxc7 Bd7 18. Qc2 exd5 19. Nxa8 Nc6 20. Be2
Bf5 21. Nc7 Qxc7 22. b4 Qe7 23. b5 Nb4 24. Qb3 Nxd3 25. Bxd3 e2 26. Bxe2
Qxe2 27. h3 d3 28. Qxd5 Qe3+ 29. Kh2 Qf4+ 30. Kg1 d2 31. Qc5 Qg3 32. Rf1 Re2
33. Rh2 d1=Q 34. Qb4 Qxf1+ {White resigns} 0-1

[Event "ICC tourney 1900 (45 10)"]
[Site "Internet Chess Club"]
[Date "2020.07.04"]
[Round "1"]
[White "Kyle2007"]
[Black "delere"]
[Result "0-1"]
[ICCResult "White resigns"]
[WhiteElo "1323"]
[BlackElo "1534"]
[Opening "French: Albin-Alekhine-Ch?tard attack"]
[ECO "C13"]
[NIC "FR.06"]
[Time "11:07:36"]
[TimeControl "2700+10"]

1. e4 e6 2. d4 d5 3. Nc3 Nf6 4. Bg5 Be7 5. e5 Nfd7 6. h4 h6 7. Bxe7 Qxe7 8.
f4 a6 9. Nf3 c5 10. dxc5 Nxc5 11. Qd2 Nc6 12. O-O-O b5 13. Bd3 b4 14. Ne2 a5
15. Ned4 Bd7 16. Nxc6 Bxc6 17. Nd4 Bd7 18. Kb1 Nxd3 19. cxd3 a4 20. Rc1 O-O
21. Rc7 b3 22. a3 Rfc8 23. Rb7 Qc5 24. Qb4 Qxb4 25. Rb6 Qxb6 {White resigns}
0-1

[Event "ICC tourney 1900 (45 10)"]
[Site "Internet Chess Club"]
[Date "2020.07.04"]
[Round "1"]
[White "oneonethree"]
[Black "runtilmorrow1"]
[Result "1-0"]
[ICCResult "Black checkmated"]
[WhiteElo "1555"]
[BlackElo "1511"]
[Opening "Benk? gambit"]
[ECO "A57"]
[NIC "BI.46"]
[Time "11:07:24"]
[TimeControl "2700+10"]

1. d4 Nf6 2. c4 c5 3. d5 b5 4. b3 g6 5. Bb2 Bg7 6. Nd2 O-O 7. Ngf3 d6 8. e4
e6 9. Bd3 exd5 10. cxd5 Re8 11. Qc2 Nxd5 12. Bxg7 Kxg7 13. Bxb5 Bd7 14. Bxd7
Qxd7 15. O-O Nf4 16. Nc4 Nc6 17. Rad1 Qg4 18. Ne3 Qh5 19. Rxd6 Ne5 20. Nxe5
Rxe5 21. f3 Qg5 22. Ng4 Re6 23. Rfd1 h5 24. Qb2+ Kg8 25. Nf6+ Rxf6 26. Rxf6
Nxg2 27. Rd5 Qh4 28. Kxg2 g5 29. Rh6 Kf8 30. Rh8+ Ke7 31. Qe5#
{Black checkmated}
1-0

[Event "ICC tourney 1900 (45 10)"]
[Site "Internet Chess Club"]
[Date "2020.07.04"]
[Round "1"]
[White "Adhvaith0406"]
[Black "Ryan123455"]
[Result "1-0"]
[ICCResult "Black resigns"]
[WhiteElo "1401"]
[BlackElo "1282"]
[Opening "Queen's pawn: London system"]
[ECO "A45"]
[NIC "QP.07"]
[Time "11:07:36"]
[TimeControl "2700+10"]

1. d4 Nf6 2. Bf4 g6 3. Nc3 d5 4. e3 Bg7 5. h4 h5 6. Nf3 O-O 7. Ne5 Nbd7 8.
Be2 c6 9. Qd2 Nxe5 10. Bxe5 Bf5 11. f3 Qd7 12. O-O-O b5 13. Rdg1 a5 14. g4
hxg4 15. fxg4 Be4 16. Bxf6 exf6 17. Nxe4 dxe4 18. h5 Rfd8 19. hxg6 fxg6 20.
Bd1 c5 21. c3 b4 22. Qh2 bxc3 23. Bb3+ Kf8 24. Qh7 cxb2+ 25. Kb1 c4 26. Bxc4
{Black resigns}
1-0

[Event "ICC tourney 1900 (45 10)"]
[Site "Internet Chess Club"]
[Date "2020.07.04"]
[Round "1"]
[White "devalapallip"]
[Black "chessKingR"]
[Result "0-1"]
[ICCResult "White resigns"]
[WhiteElo "1269"]
[BlackElo "1407"]
[Opening "QGD semi-Slav: 5.Bg5 dc"]
[ECO "D44"]
[NIC "SL.03"]
[Time "11:07:16"]
[TimeControl "2700+10"]

1. d4 d5 2. Nf3 Nf6 3. c4 c6 4. Nc3 e6 5. Bg5 dxc4 6. a4 Bb4 7. e3 b5 8.
axb5 cxb5 9. Be2 O-O 10. O-O Bxc3 11. bxc3 Nbd7 12. e4 Qc7 13. Qc2 Bb7 14.
Nd2 a6 15. e5 Nd5 16. Ne4 Bc6 17. Bf3 a5 18. Rfb1 Rfb8 19. Bd2 N7b6 20. Nd6
Nc8 21. Nxc8 Qxc8 22. Be4 h6 23. Qd1 Ne7 24. Qg4 Bxe4 25. Qxe4 Nd5 26. Qg4
Kh8 27. Qh5 Qf8 28. f4 g6 29. Qh4 Kh7 30. g4 b4 31. cxb4 axb4 32. Rxa8 Rxa8
33. g5 h5 34. Qe1 c3 35. Be3 Qc8 36. Qc1 Qc4 37. Bf2 b3 38. Be1 b2 39. Rxb2
cxb2 40. Qxc4 b1=Q 41. Kf1 Ne3+ {White resigns} 0-1

[Event "ICC tourney 1900 (45 10)"]
[Site "Internet Chess Club"]
[Date "2020.07.04"]
[Round "1"]
[White "xyzchessdude"]
[Black "poohfur"]
[Result "1-0"]
[ICCResult "Black resigns"]
[WhiteElo "1528"]
[BlackElo "1400"]
[Opening "English opening: Agincourt variation"]
[ECO "A13"]
[NIC "RE.12"]
[Time "11:07:22"]
[TimeControl "2700+10"]

1. Nf3 d5 2. c4 e6 3. g3 c5 4. Bg2 Nc6 5. b3 Nf6 6. O-O d4 7. e3 Bd6 8. exd4
cxd4 9. Ba3 O-O 10. Bxd6 Qxd6 11. d3 e5 12. h3 Bf5 13. Nh4 Be6 14. Nd2 Rfe8
15. Re1 Rad8 16. a3 Bc8 17. b4 a6 18. Kh2 b5 19. c5 Qe6 20. Ne4 h6 21. Nd6
Rf8 22. Bxc6 Qxh3+ 23. Kg1 Ng4 24. Bg2 Qh2+ 25. Kf1 f5 26. Nxc8 Rxc8 27. Nf3
Qh5 28. Nxe5 Rce8 29. Nxg4 fxg4 30. Rxe8 Rxe8 31. Qb3+ Kh8 32. Re1 Rf8 33.
Qd5 Qh2 34. Qd6 Rf6 35. Re8+ Kh7 36. Be4+ {Black resigns} 1-0

[Event "ICC tourney 1900 (45 10)"]
[Site "Internet Chess Club"]
[Date "2020.07.04"]
[Round "1"]
[White "Priccchess"]
[Black "ORSAJack88"]
[Result "0-1"]
[ICCResult "White resigns"]
[WhiteElo "1576"]
[BlackElo "1568"]
[Opening "Sicilian: dragon variation"]
[ECO "B70"]
[NIC "SI.15"]
[Time "11:07:30"]
[TimeControl "2700+10"]

1. e4 c5 2. Nf3 d6 3. d4 cxd4 4. Nxd4 Nf6 5. Nc3 g6 6. Bb5+ Bd7 7. Bxd7+
Nbxd7 8. O-O Bg7 9. Be3 O-O 10. h3 Rc8 11. Nb3 a6 12. Qd2 Ne5 13. Qe2 Nc4
14. Bc1 Qb6 15. Nd2 Nxd2 16. Bxd2 e6 17. Rab1 Rfd8 18. Be3 Qc6 19. Rbd1 Nxe4
20. Nxe4 Qxe4 21. c3 Qc4 22. Qf3 Qc6 23. Qg3 d5 24. Rfe1 e5 25. f4 d4 26.
cxd4 exd4 27. Bc1 Qc2 28. Qd3 Qxd3 29. Rxd3 Rc2 30. Rd2 Rdc8 31. Rxc2 Rxc2
32. Rd1 f5 33. Re1 Kf7 34. g4 d3 35. Rd1 Ke6 36. Be3 fxg4 37. hxg4 h5 38.
gxh5 gxh5 39. Rxd3 Rxb2 40. Bc5 Rxa2 41. Rd6+ Kf5 42. Rd7 Bh6 43. Rxb7 Bxf4
44. Rf7+ Kg4 45. Rd7 h4 46. Rg7+ Kf3 47. Kh1 Ra1+ 48. Rg1 Rxg1+ 49. Bxg1 a5
50. Bb6 a4 51. Bc5 h3 52. Ba3 Ke2 53. Kg1 Kd3 54. Kf2 Kc2 55. Kf3 Kb3 56.
Bc5 Bc1 57. Kg3 Ba3 58. Be3 Bb4 59. Bc1 Bc3 60. Kxh3 Bb2 {White resigns} 0-1

[Event "ICC tourney 1900 (45 10)"]
[Site "Internet Chess Club"]
[Date "2020.07.04"]
[Round "1"]
[White "MysteryHunter"]
[Black "Kiwimonster31"]
[Result "0-1"]
[ICCResult "White resigns"]
[WhiteElo "1554"]
[BlackElo "1585"]
[Opening "Ruy Lopez: Marshall counter-attack, 11...c6"]
[ECO "C89"]
[NIC "RL.17"]
[Time "11:07:26"]
[TimeControl "2700+10"]

1. e4 e5 2. Nf3 Nc6 3. Bb5 a6 4. Ba4 Nf6 5. O-O b5 6. Bb3 Be7 7. Re1 O-O 8.
c3 d5 9. exd5 Nxd5 10. Nxe5 Nxe5 11. Rxe5 c6 12. d3 Bd6 13. Re1 Qh4 14. g3
Qh3 15. Qf3 Bg4 16. Qg2 Qh5 17. Bxd5 cxd5 18. Be3 Bf3 19. Qf1 f5 20. Nd2 f4
21. Bd4 fxg3 22. fxg3 Bxg3 23. Nxf3 Rxf3 24. Qg2 Bxh2+ 25. Qxh2 Qg4+ 26. Qg2
Rg3 27. Re2 g6 28. Rae1 Rxg2+ 29. Rxg2 Qd7 30. Rge2 Rf8 31. Re7 Qg4+ 32. Kh2
Qh4+ 33. Kg2 Rf5 34. Re8+ Kf7 35. R8e7+ Qxe7 36. Rxe7+ Kxe7 37. Bc5+ Ke6 38.
d4 g5 39. b3 h5 40. Ba3 g4 41. Bc1 h4 42. Be3 Rf3 {White resigns} 0-1

[Event "ICC tourney 1900 (45 10)"]
[Site "Internet Chess Club"]
[Date "2020.07.04"]
[Round "1"]
[White "Chessraf"]
[Black "Aniketshukla"]
[Result "1-0"]
[ICCResult "Black resigns"]
[WhiteElo "1597"]
[BlackElo "1503"]
[Opening "QGD: exchange, positional line"]
[ECO "D35"]
[NIC "QO.16"]
[Time "11:07:29"]
[TimeControl "2700+10"]

1. d4 d5 2. c4 e6 3. Nc3 Nf6 4. cxd5 exd5 5. Bg5 Be7 6. e3 c6 7. Bd3 Bg4 8.
Qb3 Qb6 9. Qc2 Bh5 10. f4 Ng8 11. Nf3 Nd7 12. Bxh7 Bxf3 13. gxf3 Bxg5 14.
fxg5 Qd8 15. h4 Qe7 16. Kf2 g6 17. Bxg8 Rxg8 18. Rae1 Nb6 19. e4 O-O-O 20.
Nxd5 Nxd5 21. exd5 Qd7 22. dxc6 Qxd4+ 23. Kg2 Qb4 24. Re2 Rd4 25. Rc1 b6 26.
Rd1 Rxd1 27. Qxd1 Rd8 28. Re8 Qe7 29. Rxe7 Rxd1 30. Rxf7 Rd2+ 31. Kg3 a5 32.
h5 Kd8 33. h6 Ke8 34. h7 Kxf7 35. h8=Q Rd5 36. Qf6+ Kg8 37. Qe6+ Kh7 38.
Qxd5 Kg7 39. Qd7+ Kg8 40. c7 {Black resigns} 1-0

[Event "ICC tourney 1900 (45 10)"]
[Site "Internet Chess Club"]
[Date "2020.07.04"]
[Round "1"]
[White "capetarget"]
[Black "aarushnaveen"]
[Result "0-1"]
[ICCResult "White checkmated"]
[WhiteElo "1286"]
[BlackElo "1487"]
[Opening "Ruy Lopez: closed"]
[ECO "C90"]
[NIC "RL.19"]
[Time "11:07:28"]
[TimeControl "2700+10"]

1. e4 e5 2. Nf3 Nc6 3. Bb5 a6 4. Ba4 Nf6 5. O-O Be7 6. Re1 b5 7. Bb3 d6 8.
c3 Na5 9. Bc2 c5 10. d4 Qc7 11. d5 O-O 12. Nbd2 Bd7 13. Nf1 Nc4 14. b3 Nb6
15. Bg5 Bg4 16. h3 Bd7 17. g4 h5 18. N3h2 Nfxd5 19. exd5 Bxg5 20. Qd3 g6 21.
gxh5 Bf5 22. Qd1 Bxc2 23. Qxc2 Nxd5 24. hxg6 Nf4 25. g7 Nxh3+ 26. Kg2 Nf4+
27. Kg1 Kxg7 28. Ng3 Rh8 29. Qf5 Qc6 30. Ne4 Rag8 31. Ng4 Kf8 32. f3 Be7 33.
c4 Rh5 34. cxb5 axb5 35. Ng5 Rhxg5 36. Qh7 Qxf3 37. Qh2 Rxg4+ 38. Qg3 Qxg3+
39. Kh1 Qg2# {White checkmated} 0-1

[Event "ICC tourney 1900 (45 10)"]
[Site "Internet Chess Club"]
[Date "2020.07.04"]
[Round "1"]
[White "destroyingeagle"]
[Black "Kausy"]
[Result "1-0"]
[ICCResult "Black checkmated"]
[WhiteElo "1237"]
[BlackElo "1716"]
[Opening "R?ti: King's Indian attack (Barcza system)"]
[ECO "A07"]
[NIC "QP.09"]
[Time "11:07:40"]
[TimeControl "2700+10"]

1. Nf3 d5 2. g3 c6 3. Bg2 Nf6 4. O-O e6 5. d3 Be7 6. Nbd2 O-O 7. e4 c5 8. e5
Nfd7 9. Re1 Nc6 10. Nf1 b6 11. h4 Bb7 12. N1h2 Qc7 13. Bf4 Rfe8 14. h5 Bf8
15. Ng4 Kh8 16. Qd2 Nd4 17. Nxd4 cxd4 18. Rac1 Rac8 19. h6 g6 20. Bg5 Nb8
21. Qf4 Nc6 22. Bf6+ Kg8 23. Bg7 Be7 24. a3 a5 25. Nf6+ Bxf6 26. Bxf6 Nb8
27. Qxd4 Qc5 28. Qf4 Nd7 29. Bg5 Rc7 30. c3 b5 31. Qh4 Rec8 32. d4 Qf8 33.
Be7 Qe8 34. Bd6 Rc4 35. Bf1 b4 36. Bxc4 dxc4 37. axb4 axb4 38. Bxb4 f5 39.
Qe7 Qxe7 40. Bxe7 Nb6 41. Ra1 Nd5 42. Bd6 f4 43. Ra7 Bc6 44. Rea1 fxg3 45.
fxg3 Ne3 46. Rg7+ Kh8 47. Raa7 Nf5 48. Rxh7+ Kg8 49. Bc5 Ra8 50. Rxa8+ Bxa8
51. Ra7 Bd5 52. h7+ Kh8 53. Kf2 Be4 54. Bf8 Bd5 55. g4 Nh4 56. Be7 Nf3 57.
Bf6# {Black checkmated} 1-0

[Event "ICC tourney 1900 (45 10)"]
[Site "Internet Chess Club"]
[Date "2020.07.04"]
[Round "1"]
[White "evilking"]
[Black "sathviks"]
[Result "0-1"]
[ICCResult "White checkmated"]
[WhiteElo "1317"]
[BlackElo "1483"]
[Opening "Scandinavian (center counter) defense"]
[ECO "B01"]
[NIC "SD.01"]
[Time "11:07:25"]
[TimeControl "2700+10"]

1. e4 d5 2. exd5 Qxd5 3. Nc3 Qa5 4. d4 Bf5 5. Nf3 c6 6. Bd3 Bxd3 7. Qxd3 Nf6
8. Bd2 Qc7 9. O-O e6 10. Rfe1 Be7 11. Ne5 Nbd7 12. f4 O-O 13. f5 Nxe5 14.
dxe5 Bc5+ 15. Kf1 Ng4 16. Bf4 f6 17. h3 Nxe5 18. Qe4 exf5 19. Bxe5 Qf7 20.
Qf4 fxe5 21. Qxe5 Qc4+ 22. Qe2 Qf4+ 23. Qf3 Qh2 24. Ke2 Rad8 25. Qf1 f4 26.
Qf3 Rfe8+ 27. Ne4 Rd4 28. Kf1 Qh1+ 29. Ke2 Rexe4+ 30. Qxe4 Rxe4+ 31. Kd2
Qxg2+ 32. Kd3 Qf3+ 33. Re3 Qxe3# {White checkmated} 0-1

[Event "ICC tourney 1900 (45 10)"]
[Site "Internet Chess Club"]
[Date "2020.07.04"]
[Round "1"]
[White "shreyaschalla"]
[Black "karuto2006"]
[Result "1/2-1/2"]
[ICCResult "Game drawn by mutual agreement"]
[WhiteElo "1465"]
[BlackElo "1418"]
[Opening "Ruy Lopez: closed, Breyer, Borisenko variation"]
[ECO "C95"]
[NIC "RL.25"]
[Time "11:07:21"]
[TimeControl "2700+10"]

1. e4 e5 2. Nf3 Nc6 3. Bb5 a6 4. Ba4 Nf6 5. O-O Be7 6. Re1 b5 7. Bb3 d6 8.
c3 O-O 9. h3 Nb8 10. d4 Nbd7 11. Nbd2 c5 12. d5 c4 13. Bc2 Re8 14. Nf1 Bf8
15. Ng3 Nc5 16. b4 cxb3 17. axb3 Bb7 18. Nf5 g6 19. Nh6+ Bxh6 20. Bxh6 Qc7
21. Nh2 Rac8 22. Re3 Kh8 23. Ng4 Ncd7 24. Qf3 Nxg4 25. hxg4 f6 26. g5 Qd8
27. gxf6 Qxf6 28. Qg4 Nc5 29. b4 Na4 30. Bxa4 bxa4 31. Rxa4 Rc4 32. Qd7 Qe7
33. Qxe7 Rxe7 34. Rf3 Re8 35. Re3 Rec8 36. Ra3 Kg8 37. g3 R8c7 38. f4 exf4
39. gxf4 Re7 40. Ra1 Rcxe4 41. Rxe4 Rxe4 42. Rd1 Rc4 43. Rd3 Kf7 44. Kf2 Kf6
45. Ke3 Bc8 46. Bf8 Bf5 47. Rd4 Rxc3+ 48. Kd2 Rc2+ 49. Ke3 h5 50. Bxd6 h4
51. Be5+ Ke7 52. Rd1 h3 53. Rh1 Rc4 54. Bd4 Kd6 55. Rh2 Kxd5 56. Rd2 Ke6 57.
Ra2 Rxb4 58. Rxa6+ Kd5 59. Ra5+ Kc4 60. Rc5+ Kb3 61. Rc1 Rc4 62. Rh1 Rc2 63.
Kf3 Kc4 64. Bf2 Kd3 65. Kg3 Rd2 66. Re1 {Game drawn by mutual agreement}
1/2-1/2

[Event "ICC tourney 1900 (45 10)"]
[Site "Internet Chess Club"]
[Date "2020.07.04"]
[Round "1"]
[White "HarleyQueen8"]
[Black "liguowh"]
[Result "0-1"]
[ICCResult "White checkmated"]
[WhiteElo "1530"]
[BlackElo "1656"]
[Opening "QGD: exchange, positional line"]
[ECO "D35"]
[NIC "QO.16"]
[Time "11:07:22"]
[TimeControl "2700+10"]

1. d4 Nf6 2. c4 e6 3. Nc3 d5 4. cxd5 exd5 5. Bg5 Nbd7 6. e3 c6 7. Bd3 Bd6 8.
Nge2 O-O 9. h3 h6 10. Bh4 Re8 11. Qc2 Qe7 12. O-O Nb6 13. b3 a6 14. Qd2 Bd7
15. Bc2 Bb4 16. Qd3 g6 17. Qd1 g5 18. Bg3 Ne4 19. Nxe4 dxe4 20. Qc1 f5 21.
a3 Bd6 22. Rd1 Bxg3 23. Nxg3 Nd5 24. Ne2 f4 25. exf4 e3 26. f3 gxf4 27. Be4
Qh4 28. Qc2 Kh8 29. Bf5 Qf2+ 30. Kh1 Bxf5 31. Qxf5 Rg8 32. Rg1 Qxe2 33. Qh5
Kh7 34. Qf7+ Rg7 35. Qf5+ Kh8 36. Qh5 Kg8 37. Qxh6 Qf2 38. Qe6+ Kh7 39. Qf5+
Kh6 40. Qe6+ Rg6 41. Qe4 Rag8 42. g4 fxg3 43. Rg2 Rg5 44. Qe6+ R8g6 45. Qe8
Kh7 46. Rxf2 gxf2 47. Qf7+ Rg7 48. h4 Rg1+ 49. Kh2 Rxf7 50. Rxg1 Rxf3 51. h5
fxg1=Q+ 52. Kxg1 e2 53. Kg2 Rf1 54. h6 e1=Q 55. Kh3 Rh1+ 56. Kg4 Ne3+ 57.
Kf4 Rh4+ 58. Ke5 Nf5+ 59. Kxf5 Qe4+ 60. Kf6 Rf4+ 61. Kg5 Qf5# {White
checkmated} 0-1

[Event "ICC tourney 1900 (45 10)"]
[Site "Internet Chess Club"]
[Date "2020.07.04"]
[Round "1"]
[White "Froild"]
[Black "playerlucky"]
[Result "0-1"]
[ICCResult "White checkmated"]
[WhiteElo "1284"]
[BlackElo "1415"]
[Opening "English opening"]
[ECO "E61"]
[NIC "QP.11"]
[Time "11:07:25"]
[TimeControl "2700+10"]

1. Nf3 Nf6 2. c4 g6 3. Nc3 Bg7 4. d4 O-O 5. Bf4 d6 6. e4 c6 7. Qd2 Nbd7 8.
Bd3 Qc7 9. Bh6 e5 10. d5 Nc5 11. Bc2 a5 12. h3 Bd7 13. Nh4 b5 14. g4 b4 15.
Ne2 Ncxe4 16. Qe3 cxd5 17. Nf5 gxf5 18. Bxe4 Nxe4 19. gxf5 Bxf5 20. f3 Nf6
21. Qg5 Bg6 22. cxd5 Nxd5 23. h4 Nf4 24. Nxf4 exf4 25. Bxg7 Rfe8+ 26. Kf1
Qc4+ 27. Kg1 Kxg7 28. h5 Qd4+ 29. Kg2 Re2+ 30. Kh3 h6 31. Qg4 Rae8 32. hxg6
fxg6 33. Rag1 g5 34. Qf5 Qe5 35. Qxe5+ dxe5 36. Rh2 Rxh2+ 37. Kxh2 e4 38.
Re1 e3 39. Kg2 Rd8 40. Kh3 Rd2 41. a3 Rxb2 42. axb4 axb4 43. Kg4 Rd2 44. Rc1
e2 45. Rc7+ Kf8 46. Rc8+ Ke7 47. Kf5 e1=Q 48. Rc6 Rd5+ 49. Kg6 Rd6+ 50. Rxd6
Kxd6 51. Kxh6 Qe5 52. Kh5 Qf5 53. Kh6 g4 54. Kg7 g3 55. Kg8 Qd7 56. Kh8 Ke6
57. Kg8 Kf6 58. Kh8 Qg7# {White checkmated} 0-1